 Dungeon Crawl Stone Soup version 0.30-a0-457-g4b7bca3bfa (webtiles) character file.

Game seed: 13300405195107045488

14742 bmack86 the Severer (level 11, -5/101 HPs)
             Began as a Minotaur Fighter on Dec 14, 2022.
             Was an Initiate of Gozag.
             Splashed with acid (21 damage)
             ... in an ice cave.
             The game lasted 00:35:22 (8687 turns).

bmack86 the Severer (Minotaur Fighter)              Turns: 8687, Time: 00:35:22

Health: -5/101     AC: 30    Str: 29    XL:     11   Next: 92%
Magic:  6/6        EV: 11    Int:  5    God:    Gozag
Gold:   1464       SH:  0    Dex:  8    Spells: 10/10 levels left

rFire   + . .      SeeInvis .    f - +8 Wrath of Trog {antimagic, *Rage Rampage}
rCold   . . .      Faith    .    (shield currently unavailable)
rNeg    + . .      Spirit   .    G - +5 pearl dragon scales of Minor Irritation {rElec rPois rN+ Stlth+}
rPois   +          Reflect  .    A - +1 hat "Hodwent" {Fly rF+ MP+9 Dex-3}
rElec   +          Harm     .    c - +2 cloak "Yreg" {Regen+ Str+5}
rCorr   .          Rampage  +    (no gloves)
Will    .....      Rage     50%  u - +1 pair of boots
Stlth   +.........               (no amulet)
HPRegen 1.16/turn                t - +4 ring of protection
MPRegen 0.10/turn                (no ring)

@: gold aura, on berserk cooldown, flying
A: horns 2, retaliatory headbutt
a: Renounce Religion, Potion Petition, Call Merchant, Bribe Branch


You were in an ice cave.
You worshipped Gozag.
Gozag was most pleased with you.
You visited 2 branches of the dungeon, and saw 12 of its levels.
You also visited: Ice Cave.

You collected 2732 gold pieces.
You spent 1186 gold pieces at shops.
You paid 82 gold pieces to Gozag.

Inventory:

Hand Weapons
 a - a +0 war axe
 f - the +8 Wrath of Trog (weapon) {antimagic, *Rage Rampage}
   (You acquired it on level 1 of the Dungeon)

   It reduces the magical energy of the wielder, and disrupts the spells and
   magical abilities of those it strikes.
   Natural abilities and divine invocations are not affected.
   It causes slowness and exhaustion when equipped.
   It extends the wielder's berserk rage when killing foes.
   *Rage:     It berserks you when you make melee attacks (+50% chance).
   Rampage:   It bestows one free step when moving towards enemies.
 x - the +5 spear of the Median {spect, rElec rCorr}
   (You found it on level 6 of the Dungeon)

   When its wielder attacks, the weapon's spirit leaps out and strikes again.
   The spirit shares a part of any damage it takes with its wielder.
   rElec:     It insulates you from electricity.
   rCorr:     It protects you from acid and corrosion.
 I - the +6 dagger of Noteh {freeze, rElec rF+ rC+ Will+}
   (You found it on level 9 of the Dungeon)

   It freezes those it strikes, dealing additional cold damage.
   It can also slow down cold-blooded creatures.
   rF:        It protects you from fire.
   rC:        It protects you from cold.
   rElec:     It insulates you from electricity.
   Will:      It increases your willpower.
Missiles
 s - 4 poisoned darts (quivered)
Armour
 c - the +2 cloak "Yreg" (worn) {Regen+ Str+5}
   (You bought it in a shop on level 10 of the Dungeon)

   Str:       It affects your strength (+5).
   Regen:     It increases your rate of health regeneration.
 u - a +1 pair of boots (worn)
 A - the +1 hat "Hodwent" (worn) {Fly rF+ MP+9 Dex-3}
   (You bought it in a shop on level 6 of the Dungeon)

   Dex:       It affects your dexterity (-3).
   rF:        It protects you from fire.
   MP:        It affects your magic capacity (+9).
   Fly:       It grants you flight.
 G - the +5 pearl dragon scales of Minor Irritation (worn) {rElec rPois rN+ Stlth+}
   (You acquired it on level 8 of the Dungeon)

   rElec:     It insulates you from electricity.
   rPois:     It protects you from poison.
   rN:        It protects you from negative energy.
   Stlth:     It makes you more stealthy.
Jewellery
 t - a +4 ring of protection (left hand)
Wands
 k - a wand of light (11)
 w - a wand of charming (3)
 B - a wand of flame (16)
 C - a wand of polymorph (3)
 D - a wand of mindburst (20)
 F - a wand of iceblast (9)
Scrolls
 b - a scroll of butterflies
 g - 6 scrolls of teleportation
 o - 2 scrolls of fog
 p - a scroll of enchant weapon
 q - 2 scrolls of vulnerability
 v - 3 scrolls of magic mapping
 y - 4 scrolls of poison
 H - a scroll of blinking {unknown}
Potions
 d - 4 potions of might
 e - 5 potions of brilliance
 h - a potion of magic
 i - 3 potions of degeneration
 j - a potion of berserk rage
 l - 2 potions of heal wounds
 m - 3 potions of flight
 n - 5 potions of curing
 r - 5 potions of resistance
 z - 2 potions of ambrosia
 E - a potion of mutation


   Skills:
 + Level 10.7 Fighting
 + Level 17.6 Axes
 + Level 9.6 Armour
 + Level 4.5 Dodging
 + Level 2.2 Stealth
 + Level 4.1 Shields


You had 10 spell levels left.
You didn't know any spells.
Your spell library contained the following spells:

 Spells                   Type           Power      Damage    Failure   Level
 Apportation              Tloc           0%         N/A       75%         1
 Static Discharge         Conj/Air       0%         2-2/arc   86%         2
 Gell's Gravitas          Tloc           0%         N/A       98%         3
 Teleport Other           Tloc           0%         N/A       98%         3
 Vhi's Electric Charge    Tloc/Air       0%         N/A       98%         3
 Olgreb's Toxic Radiance  Pois           0%         N/A       100%        4
 Alistair's Intoxication  Tmut/Pois      0%         N/A       100%        5
 Arcjolt                  Conj/Air       0%         1d10      100%        5
 Lightning Bolt           Conj/Air       0%         1d11      100%        5
 Dispersal                Tloc           0%         N/A       100%        6
 Ozocubu's Refrigeration  Ice            0%         4d7       100%        7
 Ignition                 Fire           0%         3d3       100%        8


Dungeon Overview and Level Annotations

Branches:
Dungeon (11/15)            Temple (1/1) D:4            Lair (0/5) D:9
    Orc (0/2) D:11          IceCv (1/1)

Altars:
Ashenzari
Cheibriados
Dithmenos
Elyvilon
Fedhas
Gozag
Hepliaklqana
Makhleb
Nemelex Xobeh
Okawaru
Qazlal
Ru
Sif Muna
Trog
Uskayaw
Vehumet
Wu Jian
Xom
Yredelemnul
Zin
The Shining One

Shops:
D:6 =*[([   D:7 ?   D:10 *

Annotations:
Temple 2 transporters IceCv exclusion: ice statue


Innate Abilities, Weirdness & Mutations

You have a pair of horns on your head.
You reflexively headbutt those who attack you in melee.


Message History

You hit the ice statue but do no damage.
You slice the ice beast!!
You kill the ice beast!
The ice beast disappears in a puff of smoke!
You hit the ice statue but do no damage.
The ice statue glitters chillingly in the dim dungeon light.
The ice statue falters for a moment.
The ice statue gestures at you. The freezing blast engulfs you!
Really fly into that cloud of freezing vapour? [Y]es or [N]o only, please.
Really fly into that cloud of freezing vapour?
You are engulfed in freezing vapours.
* * * LOW HITPOINT WARNING * * *
The ice statue falters for a moment.
A slime creature simulacrum comes into view.
The wall melts the slime creature simulacrum!
You rampage towards the slime creature simulacrum!
You are splashed with acid.
* * * LOW HITPOINT WARNING * * *
The walls melt the slime creature simulacrum!
You carve the slime creature simulacrum like a ham!!!
The slime creature simulacrum vaporises!
You are splashed with acid.
* * * LOW HITPOINT WARNING * * *
Really fly into that cloud of freezing vapour? [Y]es or [N]o only, please.
Really fly into that cloud of freezing vapour? [Y]es or [N]o only, please.
Really fly into that cloud of freezing vapour? [Y]es or [N]o only, please.
Really fly into that cloud of freezing vapour?
You are engulfed in freezing vapours.
You are splashed with acid!
* * * LOW HITPOINT WARNING * * *
A slime creature comes into view.
You see here 6 gold pieces. 2 slime creatures come into view.
You are splashed with acid!!
You die...
Your body crumbles into a pile of gold.

### ..J .. .. ##J
####### ###..
###.....##
###...J###........#
.......@°...#8....#
...####....##.....#
#....##.....##
.....###.....## #
...####$$..####
..### ..###...$$###
.....#####.....###
#........$####
####...####


You could see 3 slime creatures.

Vanquished Creatures
  The ghost of Pooter the Fighter, a novice MiBe of Trog (D:10)
  A centaur warrior (D:10)
  A two-headed ogre (D:9)
  A boulder beetle (D:10)
  Sonja (D:11)
  The ghost of PimpSugar the Magician, a novice DsHW (D:6)
  Pikel (D:6)
  4 slime creatures (IceCv)
  2 gargoyles (D:11)
  Maurice (D:11)
  2 trolls
  Grinder (D:5)
  A wyvern (D:9)
  A shadow (D:9)
  3 wraiths
  Eustachio (D:5)
  A steam dragon (D:6)
  7 yaks
  A basilisk (D:11)
  Menkaure (D:7)
  2 acid dragons (D:6)
  Duvessa (D:7)
  3 orc warriors
  A black bear (D:6)
  3 ice beasts
  2 ogres (D:4)
  2 great orb of eyes simulacra (IceCv)
  A phantom (D:5)
  9 centaurs
  A slime creature simulacrum (IceCv)
  3 lemures (D:6)
  2 kobold brigands
  3 bullfrogs
  A necrophage (D:6)
  A gnoll sergeant (D:8)
  4 scorpions
  A two-headed ogre simulacrum (D:11)
  A water moccasin zombie (D:5)
  14 wights
  Dowan (D:7)
  23 killer bees
  5 howler monkeys
  3 jellies
  A bullfrog skeleton (D:5)
  8 hounds
  6 orc priests
  5 iguanas
  10 orc wizards
  A spriggan simulacrum (D:11)
  3 troll simulacra (D:11)
  A killer bee zombie (D:5)
  9 gnolls
  4 adders
  2 shadow imps
  2 white imps
  An ufetubus (D:6)
  A worm (D:2)
  The ghost of Hellmel the Sneak, a weakling DsDe (D:5)
  3 dart slugs
  67 orcs
  5 ball pythons
  6 bats
  11 endoplasms
  3 giant cockroaches
  7 hobgoblins
  5 jackals (D:1)
  14 kobolds
  2 frilled lizards
  5 goblins
  5 rats
308 creatures vanquished.

Notes
Turn   | Place    | Note
-------+----------+-------------------------------------------
     0 | D:1      | bmack86 the Minotaur Fighter began the quest for the Orb.
     0 | D:1      | Reached XP level 1. HP: 19/19 MP: 0/0
   196 | D:1      | Reached XP level 2. HP: 26/27 MP: 1/1
   694 | D:1      | Identified a scroll of acquirement
   694 | D:1      | Acquired the +8 Wrath of Trog {antimagic, *Rage Rampage}
   694 | D:1      | Found the +8 Wrath of Trog {antimagic, *Rage Rampage}
   802 | D:2      | Reached XP level 3. HP: 33/33 MP: 0/2
   952 | D:2      | Reached skill level 3 in Axes
  1523 | D:3      | Reached XP level 4. HP: 40/40 MP: 1/3
  1530 | D:3      | Reached skill level 4 in Axes
  1533 | D:3      | Reached skill level 1 in Dodging
  1648 | D:3      | Reached XP level 5. HP: 46/46 MP: 1/4
  1814 | D:3      | Reached skill level 5 in Axes
  1893 | D:3      | Found a faded altar of an unknown god.
  2269 | D:4      | Noticed an ogre
  2273 | D:4      | Killed an ogre
  2274 | D:4      | Reached XP level 6. HP: 53/53 MP: 1/5
  2336 | D:4      | Reached skill level 6 in Axes
  2336 | D:4      | Reached skill level 5 in Armour
  2346 | D:4      | Found a staircase to the Ecumenical Temple.
  2423 | Temple   | Entered the Ecumenical Temple
  2423 | Temple   | Found a transporter.
  2423 | Temple   | Found a transporter.
  2425 | Temple   | Found a transporter.
  2425 | Temple   | Found a transporter.
  2440 | Temple   | Became a worshipper of Gozag Ym Sagoz the Greedy
  2522 | D:4      | Reached skill level 5 in Fighting
  2522 | D:4      | Reached XP level 7. HP: 61/61 MP: 2/6
  2531 | D:4      | Reached skill level 7 in Axes
  2949 | D:5      | Entered Level 5 of the Dungeon
  2957 | D:5      | Noticed Grinder
  2965 | D:5      | Paralysed by Grinder for 2 turns
  2972 | D:5      | Paralysed by Grinder for 2 turns
  2976 | D:5      | Paralysed by Grinder for 2 turns
  2977 | D:5      | Killed Grinder
  2978 | D:5      | Reached skill level 8 in Axes
  3093 | D:5      | Reached XP level 8. HP: 67/70 MP: 2/7
  3101 | D:5      | Reached skill level 9 in Axes
  3207 | D:5      | Found a transporter.
  3220 | D:5      | Noticed Eustachio
  3235 | D:5      | Killed Eustachio
  3265 | D:5      | Found a transporter.
  3266 | D:5      | Noticed Hellmel's ghost (weakling DsDe)
  3287 | D:5      | Killed Hellmel's ghost
  3543 | D:6      | Reached skill level 10 in Axes
  3621 | D:6      | Found Qaotouj's Antique Weapon Shop.
  3638 | D:6      | Found Viade's Antique Armour Shop.
  3678 | D:6      | Reached skill level 11 in Axes
  3678 | D:6      | Reached XP level 9. HP: 78/78 MP: 2/8
  3750 | D:6      | Bought a plate armour for 667 gold pieces
  3761 | D:6      | Identified the +5 spear of the Median {spect, rElec rCorr}
  3808 | D:6      | Found Jujoamn's Jewellery Boutique.
  3856 | D:6      | Reached skill level 1 in Stealth
  3865 | D:6      | Found Ofazxurgh's General Store.
  3955 | D:6      | Noticed Pikel
  3965 | D:6      | Killed Pikel
  3966 | D:6      | Reached skill level 12 in Axes
  4183 | D:6      | Found a transporter.
  4184 | D:6      | Noticed PimpSugar's ghost (novice DsHW)
  4191 | D:6      | Found a transporter.
  4203 | D:6      | Killed PimpSugar's ghost
  4204 | D:6      | Reached skill level 13 in Axes
  4242 | D:6      | Found Namyrph's Antique Armour Shop.
  4262 | D:6      | Bought a warped hat for 207 gold pieces
  4262 | D:6      | Identified the +1 hat "Hodwent" {Fly rF+ MP+9 Dex-3} (You
                  | bought it in a shop on level 6 of the Dungeon)
  4850 | D:7      | Reached XP level 10. HP: 88/88 MP: 6/9
  5052 | D:7      | Noticed Menkaure
  5057 | D:7      | Killed Menkaure
  5445 | D:7      | Noticed Dowan
  5448 | D:7      | Noticed Duvessa
  5454 | D:7      | Killed Duvessa
  5466 | D:7      | Killed Dowan
  5595 | D:7      | Found Pyijo's Magic Scroll Shoppe.
  5897 | D:8      | Found an iron altar of Okawaru.
  6212 | D:8      | Reached skill level 14 in Axes
  6272 | D:8      | Acquired the +5 pearl dragon scales of Minor Irritation
                  | {rElec rPois rN+ Stlth+}
  6567 | D:9      | Noticed a two-headed ogre
  6572 | D:9      | Killed a two-headed ogre
  6573 | D:9      | Reached skill level 15 in Axes
  6691 | D:9      | Found a staircase to the Lair.
  6805 | D:9      | Reached XP level 11. HP: 97/97 MP: 6/10
  6891 | D:9      | Found an ornate altar of the Wu Jian Council.
  6904 | D:9      | Identified the +6 dagger of Noteh {freeze, rElec rF+ rC+
                  | Will+}
  7249 | D:10     | Entered Level 10 of the Dungeon
  7249 | D:10     | Noticed Pooter's ghost (novice MiBe)
  7249 | D:10     | Noticed a centaur warrior
  7249 | D:10     | Noticed a boulder beetle
  7249 | D:10     | Found a runed translucent gate.
  7249 | D:10     | Found a runed translucent gate.
  7249 | D:10     | Found an opulent altar of Gozag.
  7249 | D:10     | Found a runed translucent gate.
  7252 | D:10     | Found Nuon's Assorted Antiques.
  7261 | D:10     | Killed a centaur warrior
  7267 | D:10     | Killed a boulder beetle
  7272 | D:10     | Killed Pooter's ghost
  7273 | D:10     | Reached skill level 16 in Axes
  7309 | D:10     | Bought a scroll of identify for 50 gold pieces
  7309 | D:10     | Bought a scroll labelled TEEX DAEJOE for 25 gold pieces
  7309 | D:10     | Bought a scorched cloak for 237 gold pieces
  7309 | D:10     | Identified the +2 cloak "Yreg" {Regen+ Str+5} (You bought
                  | it in a shop on level 10 of the Dungeon)
  7704 | D:10     | Reached skill level 10 in Fighting
  7805 | D:10     | Found a radiant altar of Vehumet.
  8077 | D:11     | Noticed Maurice
  8083 | D:11     | Killed Maurice
  8105 | D:11     | Found a staircase to the Orcish Mines.
  8271 | D:11     | Found a frozen archway.
  8506 | D:11     | Noticed Sonja
  8516 | D:11     | Killed Sonja
  8517 | D:11     | Reached skill level 17 in Axes
  8632 | IceCv    | Entered an ice cave
  8687 | IceCv    | Splashed with acid

Illustrated notes

Levels and vault maps discovered:
D:1:      mrwooster_arrival_statue_3, layout_loops_ring
D:2:      layout_basic, chequers_serial_rivers_micro_c, minmay_diced_spiral
D:3:      layout_basic, dilly_ecumenical_altar_fadedgnrine,
          kennysheep_generic_room_15
D:4:      layout_loops_ring, temple_pool_b
D:5:      layout_cave_pools, gammafunk_ghost_mausoleum, uniq_eustachio,
          uniq_grinder
D:6:      layout_layer_cave, serial_shops, shop_statue, nicolae_shop_crystal,
          shop, shop, nicolae_shop_hallway_plus, gammafunk_ghost_arena,
          amethyst_killhole, minivault_26, kennysheep_generic_room_5, uniq_pikel
D:7:      layout_basic, serial_shops, nicolae_shop_statue_plus, uniq_duvessa,
          uniq_menkaure
D:8:      layout_basic, okawaru_ov_weapons_minmay
D:9:      layout_basic, nicolae_wu_jian_glorious_leap, erik_lair_island
D:10:     layout_small_grid, mainiacjoe_overflow_cross_hatched,
          ebering_ghost_gozag, eino_tiny_chamber
D:11:     layout_long_grid, hiddenorc2_lemuel, serial_shops,
          nicolae_shop_waterfront, portal_ice_cave_entry_ice_simulacra,
          grunt_potential, uniq_sonja, uniq_maurice
Temple:   hellmonk_temple_divided_pantheon
IceCv:    ice_cave_hellmonk_azure_passage

Skill      XL: |  1  2  3  4  5  6  7  8  9 10 11 |
---------------+----------------------------------+-----
Fighting       | 4 5 6 8 9 10 | 10.7
Armour         | 4 5 6 7 8 9 |  9.6
Shields        | 4 |  4.1
Axes           | 3 4 5 6 8 11 13 15 17 | 17.6
Dodging        | 1 2 3 4 |  4.5
Stealth        | 1 2 |  2.2

Action                   |  1- 3 |  4- 6 |  7- 9 | 10-12 || total
-------------------------+-------+-------+-------+-------++-------
Melee: War axe           |    49 |       |       |       ||    49
       Headbutt          |     3 |     4 |    18 |    38 ||    63
       Battleaxe         |    26 |    39 |   117 |   236 ||   418
  Use: Scroll            |     3 |     3 |     7 |     8 ||    21
 Stab: Distracted        |       |       |     1 |     3 ||     4
Armor: Scale mail        |    50 |    11 |    49 |       ||   110
       Plate armour      |       |       |    32 |    39 ||    71
       Pearl dragon scal |       |       |       |   148 ||   148
Dodge: Dodged            |    36 |    19 |    76 |   143 ||   274
Block: Buckler           |    16 |       |       |       ||    16

Table legend: (Time is in decaauts)
 A = Elapsed time spent in this place.
 B = Non-inter-level travel time spent in this place.
 C = Inter-level travel time spent in this place.
 D = Time resting spent in this place.
 E = Time spent auto-exploring this place.
 F = Levels seen in this place.
 G = Mean time per level.
                   A        B        C        D        E       F      G
               +--------+--------+--------+--------+--------+-----+--------+
         Total |   9288 |   9013 |    275 |     92 |   5657 |  13 |  714.5 |
       Dungeon |   9191 |   8916 |    275 |     92 |   5657 |  11 |  835.5 |
        Temple |     34 |     34 |      0 |      0 |      0 |   1 |   34.0 |
      Ice Cave |     62 |     62 |      0 |      0 |      0 |   1 |   62.0 |
               +--------+--------+--------+--------+--------+-----+--------+

Top non-repeatable levels by time:
     D:6: 1362 daAuts
     D:7: 1117 daAuts
     D:2: 840 daAuts
     D:4: 796 daAuts
    D:10: 792 daAuts
     D:3: 772 daAuts
     D:9: 769 daAuts
     D:1: 723 daAuts
     D:8: 687 daAuts
    D:11: 664 daAuts
     D:5: 663 daAuts
   IceCv: 62 daAuts
  Temple: 34 daAuts
